Map: Arctic Dream LE

Players

Massa

  • Race: Terran Terran
  • Spawn Location: 11:00

qqq

  • Race: Protoss Protoss
  • Spawn Location: 12:00

Checkroi - Winner!

  • Race: Terran Terran
  • League: Diamond
  • Spawn Location: 5:00

NiceGuyDash - Winner!

  • Race: Terran Terran
  • Spawn Location: 6:00

VOD

Have the link to the VOD?

Description

Time

  • Played on: June 16, 2020, 6:21 a.m.
  • Length: 9:12
Show
View Real Time Build Order
Export as new Build Order

Massa Terran 

Build Orders:  

Get SALT Encoding   

  12  0:11  Supply Depot  
  12  0:13  SCV  
  13  0:25  SCV  
  14  0:34  Barracks  
  14  0:37  SCV  
  15  0:47  Supply Depot  
  15  0:49  SCV  
  16  1:01  SCV  
  17  1:10  Supply Depot  
  17  1:22  Marine  
  18  1:30  SCV  
  19  1:39  Command Center  
  19  1:42  SCV  
  19  1:45  Marine  
  21  2:03  Marine  
  21  2:08  Refinery  
  22  2:11  Barracks  
  22  2:17  Orbital Command  
  22  2:20  Marine  
  23  2:48  Marine  
  24  2:52  SCV  
  24  2:55  SCV  
  26  3:03  Refinery  
  26  3:04  SCV  
  27  3:06  Marine  
  27  3:07  Barracks Tech Lab, SCV  
  29  3:16  SCV  
  31  3:20  SCV  
  31  3:26  Command Center  
  31  3:29  SCV  
  31  3:32  SCV  
  33  3:35  Factory  
  33  3:41  SCV  
  33  3:44  SCV  
  35  3:51  Engineering Bay  
  35  3:53  SCV  
  36  3:58  Stimpack  
  36  4:10  Barracks Tech Lab  
  36  4:15  Marauder  
  38  4:19  Factory Tech Lab  
  37  4:25  Barracks  
  37  4:33  Marauder  
  37  4:35  Concussive Shells  
  37  4:37  Marauder  
  41  4:40  SCV  
  41  4:42  Orbital Command  
  42  4:48  Refinery  
  42  4:50  Refinery  
  43  4:52  SCV  
  43  4:55  Marauder  
  43  4:57  Siege Tank  
  48  5:01  Marauder  
  50  5:16  Marine  
  45  5:21  Marine  
  46  5:32  Barracks Reactor  
  46  5:33  Marine  
  47  5:40  Marauder  
  47  5:41  Siege Tank  
  52  5:52  Marauder  
  54  6:01  Marine  
  39  6:13  Marauder  
  39  6:14  Siege Tank  
  44  6:18  Marine  
  45  6:29  Marine  
  45  6:30  Marine  
  47  6:35  Marauder  
  47  6:37  Marauder  
  51  6:47  Marine x2  
  53  6:56  Marauder  
  53  6:58  Marauder  
  57  7:05  Marine x2  
  54  7:17  Marine  
  54  7:19  Marauder  
  54  7:22  Missile Turret  
  57  7:23  Marine x2, Missile Turret, Combat Shield  
  57  7:24  Missile Turret x2  
  59  7:30  Engineering Bay  
  59  7:35  Marauder  
  61  7:38  Orbital Command  
  61  7:39  SCV x2  
  61  7:40  Marine  
  61  7:41  Marauder, Marine  
  68  7:51  SCV x2  
  69  8:07  Supply Depot  
  69  8:08  Supply Depot  
  69  8:10  Supply Depot  
  69  8:29  SCV x2, Marauder x2, Marine x2, Supply Depot, Siege Tank  
  69  8:33  SCV  
  81  8:41  SCV  
  82  8:42  SCV  
  82  8:45  SCV  
  84  8:50  Marauder x2  
  84  8:53  SCV  
  84  8:54  SCV, Supply Depot  
  78  8:57  SCV  
Show
View Real Time Build Order
Export as new Build Order

qqq Protoss 

Build Orders:  

Get SALT Encoding   

  12  0:03  Probe  
  13  0:15  Probe  
  13  0:20  Pylon  
  14  0:27  Probe  
  15  0:38  Gateway  
  15  0:46  Pylon  
  15  1:33  Probe  
  16  1:45  Probe  
  17  1:57  Probe  
  18  2:02  Nexus  
  18  2:10  Cybernetics Core  
  18  2:12  Pylon  
  18  2:17  Assimilator  
  18  2:22  Assimilator  
  17  2:25  Probe  
  18  2:38  Probe  
  19  2:50  Probe  
  20  3:02  Probe  
  20  3:04  Nexus  
  21  3:14  Probe  
  21  3:16  Stargate  
  21  3:17  Probe  
  23  3:26  Probe  
  24  3:29  Probe  
  25  3:41  Probe  
  26  3:42  Stargate  
  26  3:49  Assimilator  
  26  3:52  Assimilator  
  26  3:53  Probe  
  27  4:03  Phoenix  
  27  4:05  Probe  
  30  4:17  Probe  
  31  4:28  Phoenix  
  31  4:29  Probe  
  34  4:32  Phoenix  
  34  4:36  Probe  
  37  4:41  Probe  
  38  4:48  Probe  
  39  4:53  Probe  
  39  4:57  Phoenix  
  42  5:03  Phoenix  
  42  5:05  Probe  
  22  5:22  Phoenix  
  22  5:25  Probe  
  23  6:02  Probe x2  
  25  6:14  Probe  
  25  6:16  Protoss Air Weapons Level 1  
  28  6:29  Probe x2  
  28  6:41  Probe  
  29  7:00  Probe x2  
  30  7:05  Pylon  
  30  7:09  Pylon  
  30  7:12  Probe x2  
  32  7:20  Phoenix, Pylon  
  32  7:24  Probe x2  
  32  7:29  Phoenix  
  34  7:36  Probe x2  
  34  7:37  Phoenix  
  36  7:48  Probe  
  36  7:50  Phoenix  
  39  7:53  Probe  
  42  8:00  Probe  
  42  8:01  Phoenix  
  45  8:05  Probe  
  46  8:13  Probe  
  46  8:15  Phoenix  
  46  8:18  Probe  
  50  8:25  Probe  
  50  8:26  Phoenix  
  53  8:30  Probe  
Show
View Real Time Build Order
Export as new Build Order

Checkroi Terran - Winner!

Build Orders:  

Get SALT Encoding   

  12  0:00  SCV  
  13  0:12  SCV  
  14  0:17  Supply Depot  
  14  0:25  SCV  
  14  0:27  Refinery  
  15  0:38  SCV  
  16  0:45  Barracks  
  16  0:50  SCV  
  17  1:00  Refinery  
  17  1:02  SCV  
  18  1:14  SCV  
  19  1:43  Orbital Command  
  19  1:46  Marine  
  20  1:53  Factory  
  20  2:05  Barracks Reactor  
  20  2:21  SCV  
  21  2:28  Supply Depot  
  21  2:33  SCV  
  21  2:37  Starport, Factory Tech Lab  
  22  2:41  Marine  
  23  2:49  Marine  
  23  2:50  SCV  
  25  2:56  Supply Depot  
  25  2:57  Siege Tank  
  28  3:01  Marine  
  28  3:02  SCV  
  30  3:10  Marine  
  31  3:13  Starport Reactor  
  31  3:17  SCV  
  31  3:19  Supply Depot  
  32  3:20  Marine  
  33  3:29  SCV, Siege Tank  
  37  3:38  Marine  
  37  3:39  Marine  
  39  3:49  Medivac x2  
  43  3:56  SCV, Marine x2  
  43  4:02  Supply Depot  
  46  4:14  Engineering Bay  
  46  4:23  Siege Tank  
  49  4:29  Medivac  
  49  4:30  SCV  
  52  4:35  Marine x2  
  54  5:36  Missile Turret  
  54  5:42  Command Center  
  54  5:48  Siege Tank  
  50  6:15  Marine  
  51  6:29  Medivac, Siege Tank  
  54  6:34  Barracks x3, Terran Infantry Weapons Level 1  
  54  6:37  Medivac  
  41  7:17  Orbital Command  
  41  7:19  Missile Turret  
  42  7:22  SCV  
  42  7:25  Marine x2  
  42  7:26  Barracks Tech Lab  
  42  7:27  Barracks Reactor, Barracks Tech Lab  
  44  7:30  Barracks  
  44  7:31  Barracks, Medivac x2  
  44  7:32  Barracks  
  44  7:34  SCV  
  49  7:41  Siege Tank  
  49  7:43  Marine  
  53  7:47  SCV x2, Missile Turret  
  55  7:59  SCV  
  55  8:00  SCV  
  55  8:01  Medivac x2  
  61  8:07  Marauder x2, Marine x4  
  69  8:25  Marine x4  
  73  8:28  Marauder, Marine x3  
  73  8:31  Supply Depot  
  73  8:34  Marine, Supply Depot  
  78  8:35  Supply Depot  
  79  8:43  Marine x3  
Show
View Real Time Build Order
Export as new Build Order

NiceGuyDash Terran - Winner!

Build Orders: 2 Factory, Hellion Opening, Mech 

Get SALT Encoding   

  12  0:01  SCV  
  13  0:13  SCV  
  14  0:22  Supply Depot  
  14  0:25  SCV  
  15  0:29  Refinery  
  15  0:40  Refinery  
  15  0:44  SCV  
  16  0:54  Barracks  
  16  0:57  SCV  
  17  1:09  SCV  
  18  1:21  SCV  
  19  1:25  Supply Depot  
  19  1:33  SCV  
  20  1:43  Factory  
  20  1:49  Barracks Reactor  
  20  1:56  Orbital Command  
  20  2:18  Factory  
  20  2:22  SCV  
  21  2:34  SCV  
  22  2:39  Hellion x2  
  26  2:46  SCV  
  26  2:50  Supply Depot  
  27  2:58  SCV  
  28  3:01  Hellion  
  30  3:12  Factory Tech Lab, Hellion  
  32  3:16  Supply Depot  
  32  3:23  SCV  
  33  3:30  Hellion  
  33  3:33  Hellion  
  37  3:36  Infernal Pre-Igniter  
  37  3:39  Hellion  
  39  3:51  Hellion  
  41  4:04  Command Center  
  41  4:17  Siege Tank  
  41  4:18  Hellion  
  46  4:32  Engineering Bay  
  46  4:36  Armory  
  40  5:17  Supply Depot  
  38  5:27  Hellion x3  
  40  5:39  SCV  
  41  5:44  Orbital Command  
  41  5:48  Hellion x2  
  41  5:49  Hellion  
  47  5:51  SCV  
  46  6:10  Hellion  
  34  6:43  Starport  
  34  6:44  Supply Depot  
  34  6:45  SCV  
  34  6:46  SCV  
  31  6:49  Refinery  
  31  6:52  Refinery  
  31  6:56  Starport  
  31  6:58  SCV x2  
  33  7:02  Starport, Terran Ship Weapons Level 1  
  33  7:07  Factory  
  33  7:10  SCV  
  33  7:14  Factory  
  34  7:27  Supply Depot  
  34  7:39  Thor  
  34  7:41  Starport Tech Lab  
  34  7:42  Starport Tech Lab  
  34  7:43  Command Center  
  40  7:56  Starport Tech Lab  
  40  8:00  Factory Tech Lab  
  40  8:01  Factory Tech Lab  
  40  8:03  Factory  
  40  8:12  Missile Turret  
  40  8:13  Missile Turret  
  40  8:18  Fusion Core  
  38  8:25  Widow Mine  
  38  8:26  Widow Mine x2  
  46  8:27  Widow Mine x2  
Tags
 
Add a new tag
Caveats
  • Supply blocks, unpowered buildings, or Contaminate may cause inaccurate times.
  • Supply counts are checked every 10 seconds.